 Dungeon Crawl Stone Soup version 0.32-a0-329-ge6c31236d6 (webtiles) character file.

Game seed: 17273638906727151405

47 zeratav the Trooper (level 3, -2/26 HPs)
             Began as an Octopode Shapeshifter on Feb 16, 2024.
             Slain by a gnoll
             ... wielding a +0 flail
              (6 damage)
             ... on level 2 of the Dungeon.
             The game lasted 00:00:49 (1071 turns).

zeratav the Trooper (Octopode Shapeshifter)         Turns: 1071, Time: 00:00:49

Health: -2/26      AC:  1    Str: 15    XL:     3   Next: 70%
Magic:  3/3        EV: 13    Int: 12    God:
Gold:   79         SH:  0    Dex: 11    Spells: 2/2 levels left

rFire   . .          .
                       - Unarmed
rCold   . . .        (no shield)
rNeg    . . .        (helmet currently unavailable)
rPois   .            (no amulet)
rElec   .            (no ring)
rCorr   .            (no ring)
SInv    .            (no ring)
Will    .....        (no ring)
Stlth   ++           (no ring)
HPRegen 0.24/turn    (no ring)
MPRegen 0.08/turn    (no ring)
                     (no ring)

%: no passive effects
@: beast-form
A: beast (slay +1), almost no armour, amphibious, 8 rings, camouflage 1,
gelatinous body 1, (nimble swimmer 1), tentacles
a: Begin Untransformation


You were on level 2 of the Dungeon.
You were a hulking beast.
You visited 1 branch of the dungeon, and saw 2 of its levels.

You collected 79 gold pieces.


Innate Abilities, Weirdness & Mutations

You are a hulking beast.
Your limbs bulge with bestial killing power. (Slay +1)
You cannot wear most types of armour.
You are amphibious.
You can wear up to eight rings at the same time.
Your skin changes colour to match your surroundings (Stealth+).
Your rubbery body absorbs attacks. (AC +1, EV +1)
((You are camouflaged when in or above water. (Stealth+)))
You have tentacles for arms and can constrict up to eight enemies at once.


   Skills:
 + Level 3.4 Fighting
 - Level 2.0 Dodging
 - Level 3.0 Unarmed Combat
 - Level 3.0 Shapeshifting


You had 2 spell levels left.
You didn't know any spells.
Your spell library contained the following spells:

 Spells                   Type           Power      Damage    Failure   Level
 Slow                     Hex            0%         N/A       32%         1
 Confusing Touch          Hex            0%         N/A       69%         3
 Sigil of Binding         Hex            0%         N/A       69%         3
 Vampiric Draining        Necr           0%         2d6       69%         3

Inventory:

Talismans
 b - a beast talisman (active)
 c - a flux talisman
Scrolls
 f - a scroll of poison {unknown}
 j - a scroll of silence {unknown}
Potions
 a - a potion of lignification {!q}
 d - a potion of haste {unknown}
 e - 2 potions of curing {unknown}
 g - a potion of heal wounds {unknown}
 h - a potion of ambrosia {unknown}
 i - a potion of brilliance {unknown}

Dungeon Overview and Level Annotations

Branches:
Dungeon (2/15) Zot: 10930

Altars:

#. #.# #. #.# #. #.# #g .# #.# #.
.########## #.# #g ##.........
### #.# #. ##.######## ##g## #.#
#.
...#############h#.#######.#####.
.............##.###...g.g........
############.###.#.##########.###
#......## #.# ######## #.# #.#
#.# #.# #.#


You could see a gnoll.


Message History

You climb downwards.
There is a stone staircase leading up here.
There are monsters nearby!
There are monsters nearby!
The hobgoblin shouts!
The hobgoblin hits you.
HP[-3]
You take 3 damage, and now have 23/26 hp.
You closely miss the hobgoblin. You grab the hobgoblin.
You constrict the hobgoblin. The ball python barely misses you.
The ball python grabs you. The ball python constricts you.
The hobgoblin hits you.
HP[-3]
You take 3 damage, and now have 20/26 hp.
You tentacle-slap the ball python.
You kill the ball python!
You constrict the hobgoblin.
A frilled lizard comes into view.
The hobgoblin misses you.
You tentacle-slap the hobgoblin. You constrict the hobgoblin.
The hobgoblin misses you.
You tentacle-slap the hobgoblin.
You kill the hobgoblin!
A ribbon worm comes into view.
You tentacle-slap the frilled lizard.
You kill the frilled lizard!
HP[+1]
The ribbon worm expels a string of sticky webbing.
The stream of webbing misses you.
You see here a ball python corpse.
The ribbon worm closely misses you.
You tentacle-slap the ribbon worm but do no damage.
Your grab misses the ribbon worm. You barely miss the ribbon worm.
You grab the ribbon worm. You squeeze the ribbon worm!
You constrict the ribbon worm.
The ribbon worm expels a string of sticky webbing.
The stream of webbing hits you but does no damage.
You are caught in a web!
The web tears apart.
You constrict the ribbon worm. The ribbon worm barely misses you.
HP[+1]
You bludgeon the ribbon worm!
You kill the ribbon worm!
No target in view!
No target in view!
No target in view!
No target in view!
No target in view!
No target in view!
No target in view!
No target in view!
No target in view!
j - a scroll labelled ASHICSIYPP HP[+4]
Your hp is fully restored (26).
A gnoll comes into view. It is wielding a +0 halberd.
The gnoll shouts!
A gnoll comes into view. It is wielding a +0 spear.
There are monsters nearby!
There are monsters nearby!
A jackal and 2 gnolls come into view.
The jackal moves out of view.
The gnoll moves out of view.
The gnoll shouts!
You hear a bark!
The gnoll barely misses you.
You hear a bark!
The gnoll shouts!
You bludgeon the gnoll! Your grab misses the gnoll.
Your squeeze misses the gnoll. The gnoll misses you.
You tentacle-slap the gnoll. Your grab misses the gnoll.
The gnoll hits you with a +0 halberd!
HP[-12]
You take 12 damage, and now have 14/26 hp.
MASSIVE DAMAGE!! (PAUSE)
You closely miss the gnoll. You grab the gnoll. You squeeze the gnoll.
You kill the gnoll!
HP[+1] HP[+1] HP[+1] HP[+1] HP[+1]
You tentacle-slap the gnoll but do no damage.
Your grab misses the gnoll. The gnoll hits you with a +0 flail!
* * * LOW HITPOINT WARNING * * *
HP[-10]
You take 10 damage, and now have 9/26 hp.
MASSIVE DAMAGE!! (PAUSE)
You tentacle-slap the gnoll but do no damage.
You grab the gnoll.
You squeeze the gnoll, but do no damage.
You constrict the gnoll. The gnoll closely misses you.
You barely miss the gnoll. You tentacle-slap the gnoll.
You constrict the gnoll, but do no damage.
The gnoll hits you with a +0 flail.
* * * LOW HITPOINT WARNING * * *
HP[-5]
You take 5 damage, and now have 4/26 hp.
You tentacle-slap the gnoll but do no damage.
You tentacle-slap the gnoll. You constrict the gnoll.
The gnoll hits you with a +0 flail.
You die...

Skill      XL: |  1  2  3 |
---------------+----------+-----
Fighting       | 2 3 |  3.4
Dodging        | |  2.0
Unarmed Combat | |  3.0
Shapeshifting  | |  3.0

Action                     || total
---------------------------++-------
  Melee: Unarmed           ||    44
         Tentacles         ||     7
         Constrict         ||     9
         Punch             ||     3
   Stab: Sleeping          ||     3
 Armour: Skin              ||    18
  Dodge: Dodged            ||    18

Levels and vault maps discovered:
D:1:      matt_arrival_diagonals, layout_loops_corners
D:2:      minmay_spotlight, layout_loops_ring, uniq_terence

Notes
Turn   | Place    | Note
-------+----------+-------------------------------------------
     0 | D:1      | zeratav the Octopode Shapeshifter began the quest for the
                  | Orb.
     0 | D:1      | Reached XP level 1. HP: 13/13 MP: 1/1
     0 | D:1      | magus.rc [v1.9.6]
   191 | D:1      | Reached skill level 2 in Fighting
   191 | D:1      | Reached XP level 2. HP: 11/19 MP: 2/2
   408 | D:1      | You pick up a book of Debilitation and begin reading...
   408 | D:1      | You add the spells Slow, Sigil of Binding, Vampiric
                  | Draining and Confusing Touch to your library.
   662 | D:1      | Reached XP level 3. HP: 25/25 MP: 3/3
   822 | D:1      | Reached skill level 3 in Fighting
  1070 | D:2      | HP: 4/26 [gnoll/+0 flail (5)]
  1071 | D:2      | Slain by a gnoll

Vanquished Creatures
  A gnoll (D:2)
  A ribbon worm (D:2)
  3 endoplasms (D:1)
  A giant cockroach (D:1)
  3 goblins (D:1)
  3 hobgoblins
  3 kobolds (D:1)
  A ball python (D:2)
  A bat (D:1)
  2 frilled lizards
  A rat (D:1)
20 creatures vanquished.

Table legend:
 A = Non-vault XP
 B = Vault XP
 C = Vault XP percentage of total XP
 D = Non-vault monster count
 E = Vault monster count
 F = Vault count percentage of total count
                 A         B        C        D         E       F
            +---------+---------+-------+---------+---------+-------
      Total |      68 |       0 |   0.0 |      20 |       0 |   0.0
            +---------+---------+-------+---------+---------+-------
        D:1 |      40 |       0 |   0.0 |      15 |       0 |   0.0
        D:2 |      28 |       0 |   0.0 |       5 |       0 |   0.0
            +---------+---------+-------+---------+---------+-------

Skill      XL: |  1  2  3 |
---------------+----------+-----
Fighting       | 2 3 |  3.4
Dodging        | |  2.0
Unarmed Combat | |  3.0
Shapeshifting  | |  3.0

Action                     || total
---------------------------++-------
  Melee: Unarmed           ||    44
         Tentacles         ||     7
         Constrict         ||     9
         Punch             ||     3
   Stab: Sleeping          ||     3
 Armour: Skin              ||    18
  Dodge: Dodged            ||    18

Illustrated notes

Table legend:
 A = Kills in this place as a percentage of kills in the entire game.
 B = Kills by you in this place as a percentage of kills by you in the entire game.
 C = Kills by friends in this place as a percentage of kills by friends in the entire game.
 D = Other kills in this place as a percentage of other kills in the entire game.
 E = Experience gained in this place as a percentage of experience gained in the entire game.
 F = Experience gained in this place divided by the number of levels of this place that you have seen.
                   A       B       C       D       E      F
               +-------+-------+-------+-------+-------+----------------------
         Total | 100.0 | 100.0 |   N/A |   N/A | 100.0 |  34.0
       Dungeon | 100.0 | 100.0 |   N/A |   N/A | 100.0 |  34.0
               +-------+-------+-------+-------+-------+----------------------

Table legend: (Time is in decaauts)
 A = Elapsed time spent in this place.
 B = Non-inter-level travel time spent in this place.
 C = Inter-level travel time spent in this place.
 D = Time resting spent in this place.
 E = Time spent auto-exploring this place.
 F = Levels seen in this place.
 G = Mean time per level.
                   A        B        C        D        E       F      G
               +--------+--------+--------+--------+--------+-----+--------+
         Total |   1068 |   1029 |     39 |     27 |    863 |   2 |  534.0 |
       Dungeon |   1068 |   1029 |     39 |     27 |    863 |   2 |  534.0 |
               +--------+--------+--------+--------+--------+-----+--------+

Top non-repeatable levels by time:
     D:1: 949 daAuts
     D:2: 119 daAuts
